 Dungeon Crawl Stone Soup version 0.21-a0-444-g29a2fec (webtiles) character file.

116 slep the Slasher (level 4, 0/35 HPs)
             Began as a Demonspawn Monk on Nov 18, 2017.
             Succumbed to an adder's poison
             ... on level 2 of the Dungeon.
             The game lasted 00:07:59 (1277 turns).

slep the Slasher (Demonspawn Monk)                  Turns: 1277, Time: 00:08:00

Health: 0/35       AC:  7    Str: 11    XL:     4   Next: 70%
Magic:  4/4        EV: 10    Int: 12    God:
Gold:   75         SH:  0    Dex: 16    Spells: 3/3 levels left

rFire    + . .     SeeInvis .   e - +1 hand axe (elec)
rCold    . . .     Gourm    .   (no shield)
rNeg     . . .     Faith    .   i - +1 scale mail {rF+}
rPois    .         Spirit   .   (helmet restricted)
rElec    .         Reflect  .   (no cloak)
rCorr    .         Harm     .   (no gloves)
MR       .....                  (no boots)
Stlth    +.........             h - amulet of inaccuracy (curse)
HPRegen  0.11/turn              (no ring)
MPRegen  0.09/turn              (no ring)

@: lethally poisoned (0 -> -4), hasted, very quick
A: horns 1
a: no special abilities


You were on level 2 of the Dungeon.
You were hungry.

You visited 1 branch of the dungeon, and saw 3 of its levels.

You collected 75 gold pieces.

Inventory:

Hand Weapons
 a - a +0 falchion
 d - a +0 flail of draining
 e - a +1 hand axe of electrocution (weapon)
Armour
 b - a +0 robe
 i - a +1 scale mail of fire resistance (worn)
 k - a +0 leather armour
Jewellery
 h - a cursed amulet of inaccuracy (around neck)
Scrolls
 f - a scroll of identify
 g - 2 scrolls of remove curse {unknown}
 j - 2 scrolls of fear {unknown}
 m - a scroll of enchant weapon
Comestibles
 c - 3 bread rations
 l - 3 chunks of flesh


   Skills:
 + Level 3.5 Fighting
 + Level 4.0 Long Blades
 + Level 0.2 Axes
 + Level 0.5 Armour
 + Level 3.1 Dodging
 + Level 2.2 Stealth


You had 3 spell levels left.
You didn't know any spells.

Dungeon Overview and Level Annotations

Branches:
Dungeon (3/15)

Altars:
Nemelex Xobeh
Zin


Innate Abilities, Weirdness & Mutations

You have a pair of small horns on your head.


Message History

It was a potion of haste.
You feel yourself speed up.
* * * LOW HITPOINT WARNING * * *
You feel sick.
You see here an adder corpse.
* * * LOW HITPOINT WARNING * * *
You feel sick.
You see here a scroll labeled JOUSAP XAIR.
m - a scroll labeled JOUSAP XAIR
* * * LOW HITPOINT WARNING * * *
You feel sick.
Put on which piece of jewellery? (? for menu, Esc to quit)
Oops, that amulet feels deathly cold.
h - a cursed amulet of inaccuracy (around neck)
As you read the scroll labeled OTHURPHY GOEG, it crumbles to dust.
It is a scroll of identify.
m - a scroll of enchant weapon
There is a lethal amount of poison in your body!
* * * LOW HITPOINT WARNING * * *
You feel sick.
You die...

### #.. ##.####
#.....# #...#.# #
##♣@≈≈.#### #...#..
###.#≈≈.≈P≈>... ......
....♣≈≈.≈≈≈♣... #..#..
#♣≈P≈.≈≈≈≈# . #..#..
#≈≈P≈.≈≈≈≈# #.....
#♣≈≈≈†≈≈PP## #.....
#≈PP≈.≈≈≈♣##.####..#..
#♣≈≈P.≈♣♣# #..).......
#♣P≈.≈♣ ####.#..##.


There were no monsters in sight!

Vanquished Creatures
  5 adders (D:2)
  An ooze (D:2)
  2 worms (D:2)
  5 dart slugs
  A leopard gecko (D:1)
  5 orcs (D:2)
  A ball python (D:1)
  5 bats (D:1)
  2 giant cockroaches (D:1)
  4 goblins
  4 hobgoblins
  A quokka (D:2)
  4 frilled lizards
  5 kobolds
  5 rats (D:1)
  A plant (D:2)
51 creatures vanquished.

Notes
Turn   | Place    | Note
-------+----------+-------------------------------------------
     0 | D:1      | slep the Demonspawn Monk began the quest for the Orb.
     0 | D:1      | Reached XP level 1. HP: 18/18 MP: 1/1
   235 | D:1      | Reached skill level 3 in Long Blades
   285 | D:1      | Gained mutation: You have a pair of small horns on your head. [demonic ancestry]
   285 | D:1      | Reached XP level 2. HP: 20/24 MP: 2/2
   636 | D:1      | Reached XP level 3. HP: 25/29 MP: 3/3
  1047 | D:2      | HP: 1/43 [orc/hand axe of electrocution (14)]
  1077 | D:2      | Reached XP level 4. HP: 16/35 MP: 4/4
  1134 | D:2      | Found a sparkling altar of Nemelex Xobeh.
  1161 | D:2      | Found a glowing silver altar of Zin.
  1262 | D:2      | Reached skill level 4 in Long Blades
  1269 | D:2      | HP: 1/35 [poisoned by an adder]
  1277 | D:2      | Succumbed to an adder's poison

Vault maps used:
D:1:      matt_arrival_spirals
D:2:      lemuel_crystal_altar, zin_academy, first_bread, serial_bayou_lagoon_b
D:3:      st_stairs_10, kennysheep_generic_room_12

Skill      XL: |  1  2  3  4 |
---------------+-------------+-----
Long Blades    | 3 4 |  4.0
Stealth        | 2 |  2.2
Dodging        | 3 |  3.1
Fighting       | |  3.5
Axes           | |  0.2
Armour         | |  0.5

Action                   |  1- 3 |  4- 6 || total
-------------------------+-------+-------++-------
Melee: Falchion          |   125 |     7 ||   132
       Headbutt          |    13 |     2 ||    15
       Hand axe          |       |    28 ||    28
  Use: Potion            |     4 |     1 ||     5
       Scroll            |       |     1 ||     1
 Stab: Sleeping          |     3 |       ||     3
  Eat: Chunk             |       |     1 ||     1
Armor: Robe              |     5 |       ||     5
       Skin              |    22 |       ||    22
       Leather armour    |     4 |     2 ||     6
       Scale mail        |       |    11 ||    11
Dodge: Dodged            |    65 |    20 ||    85
       Rpst.: Falchion   |    23 |     1 ||    24

Table legend:
 A = Spawn XP
 B = Non-spawn XP
 C = Spawn XP percentage of total XP
 D = Spawn monster count
 E = Non-spawn monster count
 F = Spawn count percentage of total count
 G = Total turns spent on level
                    A         B        C        D         E        F      G
               +---------+---------+-------+---------+---------+-------+---------
         Total |       0 |     167 |   0.0 |       0 |      50 |   0.0 |  1277
               +---------+---------+-------+---------+---------+-------+---------
           D:1 |       0 |      52 |   0.0 |       0 |      28 |   0.0 |   955
           D:2 |       0 |     115 |   0.0 |       0 |      22 |   0.0 |   320
               +---------+---------+-------+---------+---------+-------+---------
